 Dungeon Crawl Stone Soup version 0.29-a0-664-gff9cad4a3d (webtiles) character file.

Game seed: 17317451098194512729

196 Shayle the Ogre Mage (level 5, -2/45 HPs)
             Began as an Ogre Hedge Wizard on June 22, 2022.
             Slain by a mummy (15 damage)
             ... in an ossuary.
             The game lasted 00:15:16 (4479 turns).

Shayle the Ogre Mage (Ogre Hedge Wizard)            Turns: 4479, Time: 00:15:16

Health: -2/45      AC:  4    Str: 14    XL:     5   Next: 75%
Magic:  9/11       EV: 10    Int: 17    God:
Gold:   202        SH:  0    Dex:  8    Spells: 2/12 levels left

rFire   . . .      SeeInvis .   s - +0 dagger (holy)
rCold   . . .      Faith    .   (no shield)
rNeg    . . .      Spirit   .   b - +0 robe
rPois   .          Reflect  .   c - +0 hat
rElec   .          Harm     .   i - +0 cloak
rCorr   +          Rampage  .   (gloves unavailable)
Will    .....                   (boots unavailable)
Stlth   +.........              (no amulet)
HPRegen 0.15/turn               g - ring of resist corrosion
MPRegen 0.12/turn               (no ring)

@: no status effects
A: large, unfitting armour, tough skin 1
a: no special abilities


You were in an ossuary.
You visited 1 branch of the dungeon, and saw 4 of its levels.
You also visited: Ossuary.

You collected 202 gold pieces.

Inventory:

Hand Weapons
 j - a +2 dagger of venom
 s - a +0 dagger of holy wrath (weapon)
Armour
 b - a +0 robe (worn)
 c - a +0 hat (worn)
 i - a +0 cloak (worn)
Jewellery
 g - a ring of resist corrosion (left hand)
 m - a ring of willpower
 o - an amulet of magic regeneration
Scrolls
 a - a scroll of teleportation {unknown}
 e - a scroll of blinking {unknown}
 k - a scroll of vulnerability
 n - 2 scrolls of noise
 q - a scroll of poison {unknown}
 r - a scroll of identify
Potions
 d - 2 potions of magic
 f - a potion of haste
 h - 2 potions of flight
 l - a potion of might


   Skills:
 + Level 2.8 Dodging
 - Level 1.4 Stealth
 - Level 4.0 Spellcasting
 + Level 2.2 Conjurations
 - Level 1.6 Summonings
 - Level 2.0 Translocations
 + Level 0.5 Transmutations
 + Level 1.2 Air Magic
 + Level 1.1 Poison Magic


You had 2 spell levels left.
You knew the following spells:

 Your Spells              Type           Power      Damage    Failure   Level
a - Magic Dart            Conj           44%        1d5       6%          1
b - Blink                 Tloc           20%        N/A       11%         2
c - Call Imp              Summ           9%         N/A       12%         2
d - Mephitic Cloud        Conj/Pois/Air  8%         N/A       24%         3
e - Wereblood             Tmut           5%         N/A       19%         2

Your spell library contained the following spells:

 Spells                   Type           Power      Damage    Failure   Level
 Foxfire                  Conj/Fire      28%        2x1d5     10%         1
 Sting                    Tmut/Pois      24%        1d4       11%         1
 Beastly Appendage        Tmut           10%        N/A       12%         1
 Poisonous Vapours        Pois/Air       14%        N/A       14%         2
 Slow                     Hex            12%        N/A       16%         1
 Conjure Flame            Conj/Fire      7%         6-21      30%         3
 Spider Form              Tmut/Pois      6%         N/A       32%         3
 Inner Flame              Hex/Fire       3%         N/A       43%         3
 Tukima's Dance           Hex            3%         N/A       43%         3
 Passage of Golubria      Tloc           10%        N/A       56%         4
 Olgreb's Toxic Radiance  Pois           7%         N/A       67%         4
 Flame Wave               Conj/Fire      7%         2d5       69%         4
 Corpse Rot               Necr/Pois/Air  6%         N/A       73%         4
 Yara's Violent Unravell  Hex/Tmut       2%         3d3       98%         5


Dungeon Overview and Level Annotations

Branches:
Dungeon (4/15)            Ossuary (1/1)
 Temple: D:4-7

Altars:
Cheibriados
Fedhas
Kikubaaqudgha
Wu Jian

Annotations:
D:2 Grinder


Innate Abilities, Weirdness & Mutations

You are too large for most types of armour.
You have tough skin. (AC +1)


Message History

Found 8 gold pieces.
Found a hunting sling.
You hear the hiss of an avalanche of sand very nearby.
You now have 202 gold pieces (gained 8).
Found a sand-covered staircase.
Found a ring mail.
There is a sand-covered staircase here.
The world spins around you as you enter the gateway.
You enter an ossuary!
Found a gate leading back out of this place.
There is an empty arch of ancient stone here.
Your +2 dagger of venom stops dripping with poison.
Your +0 dagger of holy wrath softly glows with a divine radiance!
s - a +0 dagger of holy wrath (weapon)
You open the door.
A mummy opens the door.
A mummy comes into view.
There is an open door here.
As you close the door, it creaks loudly!
There is an empty arch of ancient stone here.
There is an empty arch of ancient stone here.
You start waiting. 2 bullfrog zombies and 2 mummies come into view.
The bullfrog zombie moves out of view.
You hit the mummy but do no damage. You barely miss the mummy.
The mummy closely misses you.
You hit the mummy but do no damage. You hit the mummy but do no damage.
You hit the mummy but do no damage. The mummy hits you! x2
Casting: Call Imp (safe; 12% risk of failure)
Confirm with . or Enter, or press ? or * to list all spells.
A beastly little devil appears in a puff of flame.
Okay, then.
As you read the scroll of summoning, it crumbles to dust.
Wisps of shadow whirl around you... The mummy barely misses you.
The mummy hits you!
* * * LOW HITPOINT WARNING * * *
Unknown command.
The mummy hits you!
You die...

## M# '#
.+
#####.#
#Z@.#.+
#.ZMM.#
#∩5.#.'.#
#####.###
.' .## .+
.# .+


You could see 2 mummies, a friendly crimson imp (summoned), a friendly orc
zombie (summoned) and a friendly gnoll skeleton (summoned).

Vanquished Creatures
  An iguana (D:4)
  3 adders
  4 gnolls
  A worm (D:2)
  4 dart slugs
  3 orcs (D:4)
  6 ball pythons
  6 bats
  6 endoplasms
  4 giant cockroaches
  8 goblins
  9 hobgoblins
  10 kobolds
  A quokka (D:3)
  4 frilled lizards
  4 rats
74 creatures vanquished.

Vanquished Creatures (collateral kills)
  2 worms (D:2)
  4 endoplasms (D:2)
  3 kobolds (D:2)
  A ball python (D:2)
  A rat (D:2)
11 creatures vanquished.

Vanquished Creatures (others)
  A fungus (D:1)
  3 withered plants (Ossuary)
4 creatures vanquished.

Grand Total: 89 creatures vanquished

Notes
Turn   | Place    | Note
-------+----------+-------------------------------------------
     0 | D:1      | Shayle the Ogre Hedge Wizard began the quest for the Orb.
     0 | D:1      | Reached XP level 1. HP: 16/16 MP: 5/5
    88 | D:1      | Reached skill level 1 in Conjurations
    88 | D:1      | Reached skill level 1 in Summonings
    88 | D:1      | Reached skill level 1 in Translocations
   159 | D:1      | Reached XP level 2. HP: 11/24 MP: 4/6
  1452 | D:2      | Learned a level 2 spell: Blink
  1455 | D:2      | Learned a level 2 spell: Call Imp
  1479 | D:2      | Reached XP level 3. HP: 30/31 MP: 8/8
  1725 | D:2      | Reached skill level 4 in Spellcasting
  2108 | D:2      | Reached XP level 4. HP: 39/39 MP: 3/10
  2170 | D:2      | Learned a level 3 spell: Mephitic Cloud
  2358 | D:2      | Found an ancient bone altar of Kikubaaqudgha.
  2513 | D:3      | Noticed Grinder
  2623 | D:3      | Found a faded altar of an unknown god.
  2714 | D:3      | Found an ornate altar of the Wu Jian Council.
  3134 | D:3      | Reached XP level 5. HP: 29/45 MP: 11/11
  3366 | D:3      | Learned a level 2 spell: Wereblood
  3927 | D:3      | Found a faded altar of an unknown god.
  4000 | D:3      | Found a blossoming altar of Fedhas.
  4002 | D:3      | Found a snail-covered altar of Cheibriados.
  4067 | D:4      | Reached skill level 1 in Air Magic
  4093 | D:4      | Reached skill level 1 in Poison Magic
  4422 | D:4      | Found a sand-covered staircase.
  4430 | Ossuary  | Entered an ossuary
  4479 | Ossuary  | Slain by a mummy

Illustrated notes

Levels and vault maps discovered:
D:1:      matt_arrival_grand_opening, layout_loops_corners,
          dreamdust_mushroom_princess
D:2:      layout_rooms, basic_altar, minmay_increasing_density
D:3:      layout_basic, nicolae_overflow_ecumenical_swirl,
          amethyst_overflow_temple_binary, ebering_ecumenical_altar_abandoned,
          uniq_grinder
D:4:      layout_loops_ring, nicolae_ossuary_entry_monument, serial_shops,
          nicolae_shop_behind_doors
Ossuary:  ossuary_zaba_flooded

Skill      XL: |  1  2  3  4  5 |
---------------+----------------+-----
Conjurations   | 1 2 |  2.2
Summonings     | 1 |  1.6
Translocations | 1 2 |  2.0
Dodging        | 2 |  2.8
Spellcasting   | 4 |  4.0
Air Magic      | 1 |  1.2
Poison Magic   | 1 |  1.1
Stealth        | |  1.4
Transmutations | |  0.5

Action                   |  1- 3 |  4- 6 || total
-------------------------+-------+-------++-------
Melee: Dagger            |   102 |   152 ||   254
 Cast: Magic Dart        |    35 |     4 ||    39
       Call Imp          |     8 |     3 ||    11
       Blink             |     1 |       ||     1
  Use: Scroll            |     2 |     5 ||     7
       Potion            |     2 |       ||     2
 Stab: Sleeping          |     5 |     3 ||     8
Armor: Robe              |    52 |    45 ||    97
Dodge: Dodged            |    51 |    70 ||   121

Table legend: (Time is in decaauts)
 A = Elapsed time spent in this place.
 B = Non-inter-level travel time spent in this place.
 C = Inter-level travel time spent in this place.
 D = Time resting spent in this place.
 E = Time spent auto-exploring this place.
 F = Levels seen in this place.
 G = Mean time per level.
                   A        B        C        D        E       F      G
               +--------+--------+--------+--------+--------+-----+--------+
         Total |   4479 |   4390 |     89 |    909 |   2381 |   5 |  895.8 |
       Dungeon |   4431 |   4342 |     89 |    887 |   2381 |   4 | 1107.8 |
       Ossuary |     48 |     48 |      0 |     22 |      0 |   1 |   48.0 |
               +--------+--------+--------+--------+--------+-----+--------+

Top non-repeatable levels by time:
     D:1: 1440 daAuts
     D:3: 1370 daAuts
     D:2: 1251 daAuts
     D:4: 369 daAuts
 Ossuary: 48 daAuts
